 Dungeon Crawl Stone Soup version 0.19-a0-1675-gc11f27c (webtiles) character file.

228 Amciq the Skirmisher (level 6, -4/56 HPs)
             Began as a Hill Orc Fighter on Sept 23, 2016.
             Slain by a gnoll
             ... wielding a +0 halberd
              (9 damage)
             ... on level 3 of the Dungeon.
             The game lasted 00:05:20 (2658 turns).

Amciq the Skirmisher (Hill Orc Fighter)             Turns: 2658, Time: 00:05:20

Health: -4/56      AC:  7    Str: 26    XL:     6   Next: 2%
Magic:  6/6        EV:  5    Int:  8    God:
Gold:   116        SH: 15    Dex: 10    Spells: 0 memorised, 5 levels left

rFire  . . .     SeeInvis .     a - +0 war axe
rCold  . . .     Gourm    .     b - +0 scale mail
rNeg   . . .     Faith    .     t - +0 large shield
rPois  .         Spirit   .     (no helmet)
rElec  .         Dismiss  .     (no cloak)
rCorr  .         Reflect  .     (no gloves)
MR     .....     Harm     .     (no boots)
Stlth  ..........               (no amulet)
                                (no ring)
                                (no ring)

@: mighty
A: no striking features
a: no special abilities


You were on level 3 of the Dungeon.
You were not hungry.

You visited 1 branch of the dungeon, and saw 3 of its levels.

You collected 116 gold pieces.

Inventory:

Hand Weapons
 a - a +0 war axe (weapon)
Armour
 b - a +0 scale mail (worn)
 t - a +0 large shield (worn)
Jewellery
 m - an uncursed ring of wizardry {unknown}
Scrolls
 i - 2 scrolls of identify {unknown}
 j - 3 scrolls of teleportation {unknown}
 k - a scroll of magic mapping {unknown}
 n - a scroll of fear {unknown}
 p - a scroll of remove curse {unknown}
 w - a scroll of recharging {unknown}
Potions
 c - a potion of flight {unknown}
 e - 3 potions of beneficial mutation {unknown}
 g - 2 potions of cure mutation {unknown}
 h - a potion of lignification {unknown}
 l - 2 potions of curing {unknown}
 r - a potion of heal wounds {unknown}
 s - 3 potions of degeneration {unknown}
 x - a potion of haste {unknown}
 A - a potion of brilliance {unknown}
Comestibles
 f - a bread ration
 o - 2 royal jellies
 q - 2 beef jerkies
 u - 3 fruits
 v - a slice of pizza
 z - 2 chunks of flesh


   Skills:
 + Level 5.0 Fighting
 + Level 4.7 Axes
 + Level 4.1 Armour
 + Level 4.6 Shields


You had 5 spell levels left.
You didn't know any spells.

Dungeon Overview and Level Annotations

Branches:
Dungeon (3/15)

Altars:
Hepliaklqana
Ru


Message History

Your shield and scale mail prevent you from hitting the gnoll.
You block the gnoll's attack.
Your shield and scale mail prevent you from hitting the gnoll.
The gnoll hits you with a club.
* * * LOW HITPOINT WARNING * * *
You block the gnoll's attack. x2; The gnoll barely misses you.
You slice the gnoll!!
You kill the gnoll!
The gnoll hits you with a whip.
* * * LOW HITPOINT WARNING * * *
You block the gnoll's attack.
You slash the gnoll!
You kill the gnoll!
You have reached level 6!
Your experience leads to an increase in your attributes!
Your base attributes are Str 20, Int 8, Dex 10.
Increase (S)trength, (I)ntelligence, or (D)exterity?
You feel stronger.
The gnoll hits you from afar with a halberd!
You die...

#......# #.........# #....).##
#.........#
#.......###.........#
#.........#.........#
#...................#
#...#######.........#
#..#..≈≈≈..#.g......# ######
##.#..≈...≈.)#g......# #.....
#.#...≈._.≈..@#).....# #.....
##.#..≈...≈..#..###### #.....
##.#..≈≈≈..#...# #.....
##.#######....# #.....
##...........# #.....
#...........# #.....
#...[.......# #.....
#...........# ######.....
####################..........


You could see 2 gnolls.

Vanquished Creatures
  An orc wizard (D:3)
  An orc priest (D:3)
  2 gnolls (D:3)
  7 adders
  A worm (D:3)
  5 dart slugs
  A leopard gecko (D:2)
  6 orcs (D:3)
  4 giant cockroaches
  8 goblins
  10 hobgoblins
  A quokka (D:3)
  2 ball pythons
  5 bats
  6 frilled lizards
  5 kobolds
  7 rats
72 creatures vanquished.

Notes
Turn   | Place    | Note
-------+----------+-------------------------------------------
     0 | D:1      | Amciq the Hill Orc Fighter began the quest for the Orb.
     0 | D:1      | Reached XP level 1. HP: 19/19 MP: 1/1
   189 | D:1      | Reached XP level 2. HP: 21/27 MP: 2/2
   391 | D:1      | Reached skill level 4 in Fighting
   837 | D:2      | Found a faded altar of an unknown god.
   869 | D:2      | Reached XP level 3. HP: 29/33 MP: 3/3
  1390 | D:2      | Reached XP level 4. HP: 37/41 MP: 4/4
  1761 | D:3      | Reached XP level 5. HP: 29/47 MP: 5/5
  2227 | D:3      | Found a hazy altar of Hepliaklqana.
  2619 | D:3      | Found a sacrificial altar of Ru.
  2644 | D:3      | Reached skill level 5 in Fighting
  2658 | D:3      | Reached XP level 6. HP: 5/56 MP: 6/6
  2658 | D:3      | Slain by a gnoll

Vault maps used:
D:1:      roderic_crop_circles_arrival_small, minmay_misc_feat_cross,
          minmay_misc_feat_tiny
D:2:      ecumenical_altar_1
D:3:      nicolae_ru_awakened_eye, lemuel_coloured_pillars_altar

Skill      XL: |  1  2  3  4  5 |
---------------+----------------+-----
Axes           | 3 4 |  4.7
Fighting       | 4 5 |  5.0
Shields        | 4 |  4.6
Armour         | 4 |  4.1

Action                   |  1- 3 |  4- 6 || total
-------------------------+-------+-------++-------
Melee: War axe           |   130 |   117 ||   247
  Use: Potion            |       |     1 ||     1
  Eat: Chunk             |     2 |     4 ||     6
Armor: Scale mail        |    45 |    36 ||    81
Dodge: Dodged            |    31 |    19 ||    50
Block: Shield            |    51 |       ||    51
       Large shield      |    26 |    91 ||   117
